 Dungeon Crawl Stone Soup version 0.20-a0-338-g717130a (webtiles) character file.

48 AlphabetPasta the Insei (level 3, 0/18 HPs)
             Began as a Vine Stalker Transmuter on Dec 21, 2016.
             Succumbed to an adder's poison
             ... on level 2 of the Dungeon.
             The game lasted 00:05:24 (1738 turns).

AlphabetPasta the Insei (Vine Stalker Transmuter)   Turns: 1738, Time: 00:05:24

Health: 0/18       AC:  2    Str: 18    XL:     3   Next: 72%
Magic:  7/7        EV: 12    Int: 13    God:
Gold:   20         SH:  0    Dex: 14    Spells: 1/7 levels left

rFire  . . .     SeeInvis .       - Unarmed
rCold  . . .     Gourm    .     b - +0 robe
rNeg   . . .     Faith    .     (no shield)
rPois  .         Spirit   +     (no helmet)
rElec  .         Reflect  .     (no cloak)
rCorr  .         Harm     .     (no gloves)
MR     .....                    (boots currently unavailable)
Stlth  ++........               (no amulet)
                                (no ring)
                                g - ring of stealth

@: confused, mighty, lethally poisoned (0 -> -12), appendage, very slightly
contaminated, hasted, very quick
A: fangs 2, talons 3, magic shield, antimagic bite, no device heal 3, rot
immunity
a: End Transformation


You were on level 2 of the Dungeon.
You were not hungry.
You had grown temporary talons.
You visited 1 branch of the dungeon, and saw 2 of its levels.

You collected 20 gold pieces.

Inventory:

Missiles
 a - 12 arrows
 f - 4 tomahawks (quivered)
Armour
 b - a +0 robe (worn)
Jewellery
 g - a ring of stealth (left hand)
Scrolls
 k - a scroll of remove curse
Books
 c - a book of Changes

   Spells                             Type                      Level
   a - Beastly Appendage              Transmutation                1
   b - Sticks to Snakes               Transmutation                2
   c - Spider Form                    Transmutation/Poison         3
   d - Ice Form                       Ice/Transmutation            4
   e - Blade Hands                    Transmutation                5
Comestibles
 d - a bread ration


   Skills:
 + Level 1.6 Fighting
 + Level 1.7 Dodging
 * Level 3.6 Unarmed Combat
 + Level 2.5 Spellcasting
 * Level 2.4 Transmutations


You had one spell level left.
You knew the following spells:

 Your Spells              Type           Power        Failure   Level  Hunger
a - Beastly Appendage     Tmut           #.....       10%         1    #......
b - Sticks to Snakes      Tmut           #.......     14%         2    ###....
c - Spider Form           Tmut/Pois      #.........   52%         3    ###....


Dungeon Overview and Level Annotations

Branches:
Dungeon (2/15)

Altars:


Innate Abilities, Weirdness & Mutations

You have extremely sharp teeth.
When hurt, damage is shared between your health and your magic reserves.
Your bite disrupts and absorbs the magic of your enemies.
Potions cannot restore your health.
You are immune to rotting.
You have claws for feet.


Message History

* * * LOW HITPOINT WARNING * * *
You are lethally poisoned!
The adder poisons you!
It was a potion of magic.
Magic courses through your body. The adder bites you.
* * * LOW HITPOINT WARNING * * *
It was a potion of haste.
You feel yourself speed up.
* * * LOW HITPOINT WARNING * * *
You feel sick. The adder misses you. The adder bites you.
* * * LOW HITPOINT WARNING * * *
You are more poisoned.
The adder poisons you!
It was a potion of might.
You feel very mighty all of a sudden.
* * * LOW HITPOINT WARNING * * *
You feel sick.
It was a potion of ambrosia.
You are confused.
Your system rejects the healing.
You feel invigorated. The adder misses you.
You bump into the rock wall.
You die...

.## ..# #. #.# #. ... ###.
#)# .###...## #.#
........#### #.#
...!.##....#####.# ### #####
....[...[.)S@....####.###....
.#.......#####.##....##.###
#..$†#### ##...#.#.###.###
##...# ##......#........
......# #.......#####.###
#......# ##>....## #....
####...# ##...## ##### #...#
######.############
#...###...........##.....


You could see an adder.

Vanquished Creatures
  2 adders (D:2)
  A dart slug (D:1)
  2 leopard geckos
  2 giant cockroaches
  4 goblins
  2 hobgoblins
  A quokka (D:2)
  3 bats (D:1)
  A frilled lizard (D:2)
  4 kobolds
  4 rats (D:1)
26 creatures vanquished.

Notes
Turn   | Place    | Note
-------+----------+-------------------------------------------
     0 | D:1      | AlphabetPasta the Vine Stalker Transmuter began the quest for the Orb.
     0 | D:1      | Reached XP level 1. HP: 9/9 MP: 4/4
   321 | D:1      | Reached skill level 1 in Fighting
   463 | D:1      | Reached XP level 2. HP: 11/14 MP: 1/6
   689 | D:1      | Learned a level 2 spell: Sticks to Snakes
  1342 | D:2      | Reached XP level 3. HP: 13/18 MP: 5/7
  1648 | D:2      | Learned a level 3 spell: Spider Form
  1738 | D:2      | Succumbed to an adder's poison

Vault maps used:
D:1:      dpeg_arrival_round_c
D:2:      minmay_misc_feat_room, uniq_jessica

Skill      XL: |  1 |
---------------+----+-----
Fighting       | 1 |  1.6
Dodging        | |  1.7
Unarmed Combat | |  3.6
Spellcasting   | |  2.5
Transmutations | |  2.4

Action                   || total
-------------------------++-------
Melee: Unarmed           ||    86
       Kick              ||     5
       Bite              ||    11
       Headbutt          ||     5
Throw: Tomahawk          ||    13
 Cast: Beastly Appendage ||    11
  Use: Scroll            ||     3
       Potion            ||     4
 Stab: Distracted        ||     1
  Eat: Chunk             ||     3
Armor: Robe              ||    10
Dodge: Dodged            ||    51
